 Dungeon Crawl Stone Soup version 0.30.0-29-ga12c61a403 (webtiles) character file.

Game seed: 13975662188041461494

162 ChadusMaximus the Caller (level 5, -3/35 HPs)
             Began as a Human Summoner on June 22, 2023.
             Splashed by a jelly's acid (10 damage)
             ... on level 5 of the Dungeon.
             The game lasted 00:04:41 (3417 turns).

ChadusMaximus the Caller (Human Summoner)           Turns: 3417, Time: 00:04:41

Health: -3/35      AC: -2    Str:  8    XL:     5   Next: 71%
Magic:  0/9        EV: 13    Int: 18    God:
Gold:   176        SH:  0    Dex: 13    Spells: 4/10 levels left

rFire   . . .        d - +0 club
rCold   . . .        (no shield)
rNeg    . . .        a - +0 robe
rPois   .            (no helmet)
rElec   .            (no cloak)
rCorr   .            (no gloves)
SInv    .            (no boots)
Will    .....        k - amulet of regeneration
Stlth   ++           (no ring)
HPRegen 1.05/turn    (no ring)
MPRegen 0.11/turn

%: no passive effects
@: corroded
A: no striking features
a: no special abilities


You were on level 5 of the Dungeon.
You visited 1 branch of the dungeon, and saw 5 of its levels.

You collected 176 gold pieces.

Inventory:

Hand Weapons
 d - a +0 club (weapon)
Armour
 a - a +0 robe (worn)
Jewellery
 k - an amulet of regeneration (around neck)
Scrolls
 c - 4 scrolls of identify {unknown}
 e - a scroll of teleportation {unknown}
 h - a scroll of poison {unknown}
 i - a scroll of enchant armour {unknown}
 j - a scroll of immolation {unknown}
Potions
 b - a potion of magic
 f - 2 potions of brilliance {unknown}
 g - 2 potions of curing {unknown}
 l - a potion of heal wounds {unknown}
 m - a potion of might {unknown}
 n - 2 potions of attraction {unknown}


   Skills:
 + Level 3.1 Dodging
 - Level 2.0 Stealth
 + Level 3.0 Spellcasting
 * Level 5.4 Summonings


You had 4 spell levels left.
You knew the following spells:

 Your Spells              Type           Power      Damage    Failure   Level
a - Summon Small Mammal   Summ           88%        N/A       1%          1
b - Call Imp              Summ           44%        N/A       2%          2
c - Call Canine Familiar  Summ           22%        N/A       5%          3

Your spell library contained the following spells:

 Spells                   Type           Power      Damage    Failure   Level
 Magic Dart               Conj           8%         1d3       16%         1
 Summon Guardian Golem    Hex/Summ       12%        N/A       16%         3
 Sublimation of Blood     Necr           2%         N/A       24%         2
 Wereblood                Tmut           2%         N/A       24%         2
 Mephitic Cloud           Conj/Pois/Air  2%         N/A       43%         3
 Summon Lightning Spire   Summ/Air       12%        N/A       47%         4
 Summon Hydra             Summ           11%        N/A       100%        7


Dungeon Overview and Level Annotations

Branches:
Dungeon (5/15)
 Temple: D:4-7

Altars:
Ashenzari
Dithmenos
Kikubaaqudgha
Makhleb
Wu Jian

Shops:
D:4 =

Annotations:
D:4 Sigmund


Message History

The jelly attacks as you move away! The jelly hits you.
You are splashed with acid!
Your cerulean imp closely misses Sigmund.
Your bat hits Sigmund but does no damage.
The jelly attacks as you move away! The jelly barely misses you.
Your bat closely misses Sigmund.
Your quokka bites the jelly.
The acid corrodes your quokka!
Your quokka is burned by acid!
Your quokka dies!
Your quokka's corpse disappears in a puff of smoke!
Your cerulean imp closely misses Sigmund.
Unknown command.
The jelly attacks as you move away! The jelly barely misses you.
Your bat hits Sigmund but does no damage.
Sigmund barely misses your bat.
Your cerulean imp hits Sigmund from afar with a -2 spear.
Your bat barely misses Sigmund.
Sigmund hits your bat with a +0 scythe.
There is a stone staircase leading down here.
The jelly closely misses you.
You climb downwards.
There is a stone staircase leading up here.
Casting: Summon Small Mammal (safe; 1% risk of failure)
Confirm with . or Enter, or press ? or * to list all spells.
The jelly closely misses you.
You hit the jelly but do no damage.
Your hands burn!
The jelly is lightly wounded.
The jelly hits you.
You are splashed with acid!
Your hound bites the jelly.
Your hound is burned by acid!
The jelly hits you.
You are splashed with acid.
Your hound bites the jelly.
Your hound is burned by acid!
Unknown command.
You hit the jelly but do no damage.
Your hands burn!
* * * LOW HITPOINT WARNING * * *
The jelly is heavily wounded.
Your hound bites the jelly.
Your hound is burned by acid!
The jelly hits you.
* * * LOW HITPOINT WARNING * * *
The acid corrodes you!
You are splashed with acid!
You die...

# #.###
#..@#
#.J#...#
#.h ...#
#.. ...#
... #.##
#..# #.
#.. ..
#.. ..


You could see a jelly (ally target) and a friendly hound (summoned).

Vanquished Creatures
  2 dart slugs
  2 endoplasms (D:3)
  A giant cockroach (D:2)
  2 goblins
  2 jackals
  A quokka (D:4)
  3 ball pythons
  A bat (D:1)
  A frilled lizard (D:1)
  A kobold (D:2)
  4 rats (D:1)
20 creatures vanquished.

Vanquished Creatures (collateral kills)
  An orc wizard (D:4)
  5 adders
  2 worms (D:3)
  8 orcs
  6 endoplasms
  A giant cockroach (D:2)
  3 goblins
  3 hobgoblins
  5 jackals (D:2)
  7 kobolds
  4 quokkas
  A ball python (D:4)
  2 bats
  2 frilled lizards (D:3)
50 creatures vanquished.

Grand Total: 70 creatures vanquished

Notes
Turn   | Place    | Note
-------+----------+-------------------------------------------
     0 | D:1      | ChadusMaximus the Human Summoner began the quest for the
                  | Orb.
     0 | D:1      | Reached XP level 1. HP: 13/13 MP: 3/3
   258 | D:1      | Reached XP level 2. HP: 10/19 MP: 1/5
   993 | D:1      | Reached XP level 3. HP: 18/24 MP: 4/6
  1017 | D:1      | Learned a level 2 spell: Call Imp
  1021 | D:1      | Learned a level 3 spell: Call Canine Familiar
  1572 | D:2      | Reached XP level 4. HP: 29/30 MP: 2/7
  1854 | D:3      | Found a faded altar of an unknown god.
  2173 | D:3      | Reached skill level 5 in Summonings
  2273 | D:3      | Reached XP level 5. HP: 35/35 MP: 1/9
  2841 | D:3      | Found a burning altar of Makhleb.
  2846 | D:3      | Found an ornate altar of the Wu Jian Council.
  2846 | D:3      | Found a broken altar of Ashenzari.
  2855 | D:3      | Found a shadowy altar of Dithmenos.
  2865 | D:3      | Found an ancient bone altar of Kikubaaqudgha.
  3395 | D:4      | Found Heni's Jewellery Emporium.
  3400 | D:4      | Noticed Sigmund
  3414 | D:5      | Entered Level 5 of the Dungeon
  3417 | D:5      | Splashed by a jelly's acid

Illustrated notes

Levels and vault maps discovered:
D:1:      saegor_arrival_simple_d, layout_loops_ring,
          chequers_serial_rivers_micro_a
D:2:      layout_rooms, serial_bayou_pond_d, small_statue_intersection,
          minmay_strange_pillars, minmay_tromino_v4_b
D:3:      layout_loops_ring, minmay_overflow_temple_star_hex,
          basic_ecumenical_altar, hangedman_feature_mirror,
          grunt_decor_arrowhead
D:4:      minmay_evil_eye, layout_loops_ring,
          mainiacjoe_overflow_surrounded_room, minitemple, serial_shops, shop,
          uniq_sigmund
D:5:      nicolae_cairo_tiling, layout_loops_ring, uniq_menkaure

Skill      XL: |  1  2  3  4  5 |
---------------+----------------+-----
Summonings     | 5 |  5.4
Dodging        | 3 |  3.1
Spellcasting   | 3 |  3.0
Stealth        | |  2.0

Action                     |  1- 3 |  4- 6 || total
---------------------------+-------+-------++-------
  Melee: Unarmed           |    30 |       ||    30
         Club              |   100 |    53 ||   153
         Punch             |     2 |       ||     2
   Cast: Summon Small Mamm |    20 |     6 ||    26
         Call Canine Famil |     6 |    14 ||    20
         Call Imp          |     2 |     9 ||    11
   Stab: Sleeping          |     3 |       ||     3
 Armour: Robe              |    26 |    13 ||    39
  Dodge: Dodged            |   114 |    67 ||   181
